 Dungeon Crawl Stone Soup version 0.17-a0-1731-g129c023 (webtiles) character file.

95831 Edwin the Blocker (level 16, -1/129 HPs)
             Began as a Formicid Hunter on Aug 28, 2015.
             Was the Champion of Ru.
             Killed by divine providence
             ... invoked by an orc high priest
              (13 damage)
             ... on level 4 of the Orcish Mines on Aug 29, 2015.
             The game lasted 02:51:27 (44373 turns).

Edwin the Blocker (Formicid Hunter)                Turns: 44373, Time: 02:51:29

Health: -1/129     AC: 15    Str: 20    XL:     16   Next: 64%
Magic:  17/20      EV: 14    Int: 12    God:    Ru [******]
Gold:   2643       SH: 20    Dex: 14    Spells: 1 memorised, 19 levels left

rFire  x . .     SeeInvis +     I - +2 great sword (protect)
rCold  + + .     Clarity  .     y - +0 ring mail {rPois}
rNeg   . . .     SustAt   .     i - +2 large shield {rC+}
rPois  +         Gourm    .     (helmet unavailable)
rElec  .         Spirit   .     s - +0 cloak
rCorr  .         Warding  .     (no gloves)
rMut   .         Stasis   +     g - +0 pair of boots
MR     .....                    (no amulet)
Stlth  +.........               Z - ring of Cuinodux {Ice Slay+2}
                                A - +4 ring of evasion

@: exhausted, no scrolls, drained, not resistant to hostile enchantments, very
unstealthy
A: permanent stasis, dig shafts and tunnels, four strong arms, antennae 3,
inability to read while threatened, hated by all, no conjurations magic, no
earth magic, no necromancy magic, magic vulnerability 1, disrupted magic 1,
unskilled 1
a: Dig, Shaft Self, Draw Out Power, Power Leap, Apocalypse, Renounce Religion


You were on level 4 of the Orcish Mines.
You worshipped Ru.
Ru was exalted by your worship.
You were very hungry.

You visited 3 branches of the dungeon, and saw 23 of its levels.
You also visited: Ice Cave.

You collected 2778 gold pieces.
You spent 135 gold pieces at shops.

Inventory:

Hand weapons
 v - a +0 blowgun
 x - a +4 great sword
 I - a +2 great sword of protection (weapon)
 U - a +3 hand crossbow of flaming
Missiles
 b - 9 bolts
 k - 14 bolts of frost
 t - 50 poisoned needles
 N - 7 needles of slowing
 P - 3 poisoned bolts
 Q - 2 curare-tipped needles
Armour
 g - a +0 pair of boots (worn)
 i - a +2 large shield of cold resistance (worn)
 s - a +0 cloak (worn)
 y - a +0 ring mail of poison resistance (worn)
Jewellery
 A - a +4 ring of evasion (left hand)
 C - an uncursed ring of poison resistance {unknown}
 Z - the ring of Cuinodux (right hand) {Ice Slay+2}
   (You found it on level 7 of the Lair of Beasts)

   [ring of ice]

   It enhances your ice magic, and weakens your fire magic.
   It affects your accuracy and damage with ranged weapons and melee attacks
   (+2).
   It makes you vulnerable to fire.
   It protects you from cold.
Magical devices
 d - a wand of invisibility (3)
 H - a wand of frost (26)
 X - a wand of fire (6)
Scrolls
 a - 7 scrolls of identify
 l - 7 scrolls of remove curse
 o - 7 scrolls of recharging
 w - 3 scrolls of magic mapping
 G - a scroll of fear
 L - a scroll of fog
Potions
 f - 5 potions of heal wounds
 j - 3 potions of resistance {unknown}
 m - a potion of agility {unknown}
 n - 9 potions of flight {unknown}
 p - 7 potions of curing
 r - 3 potions of might
 u - 5 potions of lignification {unknown}
 z - 2 potions of magic
 B - a potion of cure mutation {unknown}
 D - 2 potions of poison {unknown}
 F - 4 potions of invisibility
 J - a potion of haste {unknown}
 K - a potion of berserk rage {unknown}
 S - 2 potions of brilliance {unknown}
 T - a potion of mutation {unknown}
 W - a potion of cancellation {unknown}
Books
 c - a book of Minor Magic

   Spells                             Type                      Level
   a - Magic Dart                     Conjuration                  1
   b - Blink                          Translocation                2
   c - Call Imp                       Summoning                    2
   d - Repel Missiles                 Charms/Air                   2
   e - Slow                           Hexes                        2
   f - Conjure Flame                  Conjuration/Fire             3
   g - Mephitic Cloud                 Conjuration/Poison/Air       3
 M - a book of Unlife

   Spells                             Type                      Level
   a - Recall                         Summoning/Translocation      3
   b - Animate Dead                   Necromancy                   4
   c - Control Undead                 Necromancy                   4
   d - Cigotuvi's Embrace             Necromancy                   5
   e - Death Channel                  Necromancy                   6
   f - Simulacrum                     Ice/Necromancy               6
Comestibles
 e - 9 bread rations
 h - 4 royal jellies
 E - a fruit
 R - 4 meat rations
 V - 2 beef jerkies
 Y - 2 slices of pizza


   Skills:
 + Level 12.6(12.5) Fighting
 + Level 12.6(12.5) Long Blades
 + Level 12.1(12.0) Crossbows
 + Level 12.4(12.3) Armour
 - Level 1.5(1.4) Dodging
 - Level 1.1(1.0) Stealth
 - Level 12.6(12.5) Shields
 - Level 3.1(3.0) Spellcasting


You had 19 spell levels left.
You knew the following spells:

 Your Spells              Type           Power        Failure   Level  Hunger
a - Repel Missiles        Chrm/Air       #.....       92%         2    ###....


Dungeon Overview and Level Annotations

Branches:
Dungeon (11/15)            Temple (0/1) D:7            Lair (8/8) D:9
 Shoals (0/4) Lair:4        Snake (0/4) Lair:5        Slime (0/6) Lair:6
    Orc (4/4) D:11            Elf (0/3) Orc:4

Altars:
Ashenzari
Elyvilon
Kikubaaqudgha
Makhleb
Okawaru
Qazlal
Ru
Sif Muna
Vehumet
Yredelemnul
The Shining One
Jiyva
Lugonu

Shops:
D:5 !   D:10 (

Annotations:
D:8 boajuse's ghost, experienced HuFi


Innate Abilities, Weirdness & Mutations

You are under a permanent stasis effect.
You can dig through walls and to a lower floor.
Your four strong arms can wield two-handed weapons with a shield.
You have a pair of large antennae on your head (SInv).
You cannot read scrolls while threatened.
You are hated by all.
You cannot study or cast Conjurations magic.
You cannot study or cast Earth magic.
You cannot study or cast Necromancy magic.
You are slightly vulnerable to magic.
Your casting is slightly disrupted.
You are somewhat unskilled (-1 Apt).


Message History

The blue devil hits you. You block the orc high priest's attack.
The smoke demon gestures at you. Something smites you!
* * * LOW HITPOINT WARNING * * *
The orc priest begins to pray, but is stunned by your will!
Unknown command.
You hit the orc high priest.
The orc high priest is severely wounded.
You are covered in liquid flames!
* * * LOW HITPOINT WARNING * * *
You block the hellwing's attack. The hellwing hits you!
* * * LOW HITPOINT WARNING * * *
The blue devil barely misses you. The smoke demon closely misses you.
The smoke demon closely misses you. You block the smoke demon's attack.
The orc priest invokes the aid of Beogh against you.
Something smites you!
* * * LOW HITPOINT WARNING * * *
The orc high priest mumbles some strange prayers to Beogh against you.
Something smites you!
You die...

#..)..##..##..#....#.#
##)[)).#...#####....#.#
#.).[[##...##.......#..
#.)...#....##.#####'###
#.....##...###.#..#...##
......##..).#
#.').#...##
.......###...##
###..###### ......#
#.4)## #### # .....#
#o@4# #.## ### ....#
#..o3.# ##.####..
#.......# #......)
#.........# ##..#...
#....8....# ####..#
#.........# ##....#
##.......## ##....##
##.....## ##......#
#...#...#


You could see an orc high priest, a hellwing, a smoke demon, a blue devil and an
orc priest.

Vanquished Creatures
  Gastronok (Lair:3)
  An orc warlord (Orc:4)
  Erolcha (D:9)
  Josephine (Lair:5)
  An ice dragon (Lair:8)
  Fannar (Lair:2)
  A catoblepas (Lair:5)
  6 hydras
  8 death yaks
  6 orc high priests (Orc:4)
  Urug (Lair:4)
  Pikel (D:6)
  A hill giant (D:11)
  An orc knight (Orc:4)
  3 lindwurms
  3 griffons
  2 hornets (Lair:8)
  19 elephants
  A wolf spider (Lair:8)
  5 orc sorcerers (Orc:4)
  A guardian serpent (Lair:8)
  14 black mambas
  5 torpor snails (Lair:8)
  A centaur skeleton (D:11)
  19 spiny frogs
  3 kobold demonologists (D:10)
  11 komodo dragons
  A fire drake (Lair:8)
  9 polar bears
  3 trolls
  A giant leech (Lair:8)
  4 two-headed ogres (Orc:4)
  29 blink frogs
  57 yaks
  11 basilisks
  4 wraiths
  3 wyverns
  Edmund (D:5)
  8 hippogriffs
  37 water moccasins
  4 wargs
  Duvessa (D:4)
  27 wolves
  16 porcupines
  6 ice beasts
  A sky beast (D:5)
  43 orc warriors
  3 spiders (Lair:8)
  5 black bears
  3 necrophages
  5 wasps
  19 ogres
  4 slaves
  16 crocodiles
  6 brain worms (Lair:8)
  Blork the orc (D:4)
  6 centaurs
  17 giant frogs
  A wyvern zombie (D:11)
  A scorpion (D:7)
  A water moccasin skeleton (D:8)
  A wyvern skeleton (D:7)
  Dowan (D:4)
  6 killer bees (D:9)
  4 electric eels (Lair:3)
  18 wights
  34 orc priests
  4 crimson imps
  A giant frog zombie (D:5)
  2 giant frog skeletons
  2 human zombies (D:9)
  6 jellies
  4 hounds
  32 orc wizards
  2 human skeletons (D:9)
  13 iguanas
  13 worker ants
  An ogre zombie (D:9)
  23 sheep
  2 hound zombies
  A hound skeleton (D:7)
  2 mummies (D:9)
  47 river rats
  23 adders
  7 shadow imps
  An adder zombie (D:8)
  18 worms
  An adder skeleton (D:6)
  6 giant geckos
  254 orcs
  9 goblins
  6 hobgoblins
  11 jackals
  2 quokkas
  3 ball pythons
  10 bats
  4 giant cockroaches
  A giant gecko skeleton (D:5)
  7 giant newts
  9 kobolds
  An orc zombie (D:9)
  A quokka skeleton (D:4)
  11 rats
  A bush (Lair:1)
  8 fungi
  9 plants
1094 creatures vanquished.

Vanquished Creatures (others)
  A death yak (Lair:7)
  A hill giant (D:11)
  A komodo dragon (Lair:1)
  A polar bear (IceCv)
  A troll (D:10)
  A giant leech (Lair:8)
  A yak (Lair:3)
  A water moccasin (Lair:5)
  2 ogres (Orc:4)
  An orc wizard (Orc:4)
  7 orcs
  A bush (Lair:2)
  65 fungi
  68 plants
152 creatures vanquished.

Grand Total: 1246 creatures vanquished

Notes
Turn   | Place    | Note
--------------------------------------------------------------
     0 | D:1      | Edwin the Formicid Hunter began the quest for the Orb.
     0 | D:1      | Reached XP level 1. HP: 16/16 MP: 1/1
    70 | D:1      | Reached XP level 2. HP: 23/23 MP: 2/2
   132 | D:1      | Reached skill level 1 in Armour
  1018 | D:1      | Reached XP level 3. HP: 25/28 MP: 3/3
  1570 | D:2      | Reached XP level 4. HP: 34/34 MP: 4/4
  1680 | D:2      | Found a stormy altar of Qazlal.
  1807 | D:2      | Found a deep blue altar of Sif Muna.
  2195 | D:3      | Reached XP level 5. HP: 39/41 MP: 5/5
  2196 | D:3      | Found a burning altar of Makhleb.
  2533 | D:3      | Found an iron altar of Okawaru.
  2636 | D:4      | Noticed a black bear
  2646 | D:4      | Killed a black bear
  2646 | D:4      | Reached skill level 5 in Crossbows
  2646 | D:4      | Reached XP level 6. HP: 46/48 MP: 6/6
  2659 | D:4      | Found a shattered altar of Ashenzari.
  2710 | D:4      | Noticed Dowan
  2713 | D:4      | Noticed Duvessa
  2725 | D:4      | Killed Dowan
  2814 | D:4      | Killed Duvessa
  3151 | D:4      | Reached XP level 7. HP: 48/55 MP: 7/7
  3219 | D:4      | Reached skill level 5 in Fighting
  3666 | D:4      | Reached skill level 6 in Crossbows
  3814 | D:4      | Noticed Blork the orc
  3822 | D:4      | Killed Blork the orc
  3822 | D:4      | Reached skill level 1 in Long Blades
  3822 | D:4      | Reached skill level 5 in Armour
  4115 | D:5      | Entered Level 5 of the Dungeon
  4147 | D:5      | Reached XP level 8. HP: 57/62 MP: 8/8
  5115 | D:5      | Noticed Edmund
  5125 | D:5      | Killed Edmund
  5207 | D:5      | Found Gemeoj's Distillery.
  5215 | D:5      | Bought a potion of heal wounds for 75 gold pieces
  5215 | D:5      | Bought a potion of might for 60 gold pieces
  5457 | D:5      | Found a white marble altar of Elyvilon.
  5656 | D:6      | Noticed Pikel
  6588 | D:6      | Found a glowing golden altar of the Shining One.
  6870 | D:6      | Reached XP level 9. HP: 69/69 MP: 9/9
  7087 | D:6      | Killed Pikel
  7087 | D:6      | Reached skill level 5 in Long Blades
  7087 | D:6      | Reached skill level 7 in Crossbows
  7228 | D:6      | Reached skill level 1 in Shields
  7721 | D:7      | Found a stormy altar of Qazlal.
  7828 | D:7      | Found a sacrificial altar of Ru.
  7831 | D:7      | Became a worshipper of Ru the Awakened
  7970 | D:7      | Reached XP level 10. HP: 75/77 MP: 10/10
  7997 | D:7      | Found a staircase to the Ecumenical Temple.
  8285 | D:8      | Noticed boajuse's ghost (experienced HuFi)
  8697 | D:8      | Reached skill level 5 in Shields
  8984 | D:8      | Upgraded the game from 0.17-a0-1719-g1afd5a1 to 0.17-a0-1731-g129c023
  9156 | D:8      | Found an ancient bone altar of Kikubaaqudgha.
 10885 | D:7      | You fall through a shaft for 3 floors!
 10885 | D:10     | Entered Level 10 of the Dungeon
 10888 | D:10     | Noticed a hill giant
 10978 | D:9      | Reached skill level 8 in Long Blades
 10994 | D:9      | Found a radiant altar of Vehumet.
 11014 | D:9      | Gained mutation: You are somewhat unskilled (-1 Apt). [Ru sacrifice]
 11014 | D:9      | Reduced skill Long Blades to level 7
 11014 | D:9      | Reduced skill Armour to level 5
 11014 | D:9      | Acquired Ru's first power
 11159 | D:9      | Noticed Erolcha
 11197 | D:9      | Killed Erolcha
 11479 | D:9      | Found a staircase to the Lair.
 11540 | D:9      | Reached skill level 8 in Long Blades
 12219 | D:9      | Reached XP level 11. HP: 58/83 MP: 11/11
 13192 | D:9      | Found a basalt altar of Yredelemnul.
 14529 | Lair:1   | Entered Level 1 of the Lair of Beasts
 14711 | Lair:1   | Gained mutation: You cannot read scrolls while threatened. [Ru sacrifice]
 14711 | Lair:1   | Acquired Ru's second power
 14711 | Lair:1   | Acquired Ru's third power
 15578 | Lair:1   | Reached skill level 9 in Long Blades
 17481 | Lair:2   | Reached XP level 12. HP: 84/92 MP: 12/12
 18348 | Lair:2   | Gained mutation: You cannot study or cast Earth magic. [Ru sacrifice]
 18348 | Lair:2   | Gained mutation: You cannot study or cast Necromancy magic. [Ru sacrifice]
 18348 | Lair:2   | Gained mutation: You cannot study or cast Conjurations magic. [Ru sacrifice]
 18348 | Lair:2   | Acquired Ru's fourth power
 18468 | Lair:2   | Noticed Fannar
 18528 | Lair:2   | Noticed a five-headed hydra
 18694 | Lair:2   | Killed Fannar
 19038 | Lair:2   | You fall through a shaft!
 20591 | Lair:3   | Reached skill level 10 in Long Blades
 21743 | Lair:3   | Noticed Gastronok
 21772 | Lair:3   | Killed Gastronok
 22197 | Lair:3   | Gained mutation: You are hated by all. [Ru sacrifice]
 22197 | Lair:3   | Acquired Ru's fifth power
 22301 | Lair:3   | Reached XP level 13. HP: 95/101 MP: 13/13
 23325 | Lair:4   | Found a staircase to the Shoals.
 23419 | Lair:4   | Reached skill level 10 in Fighting
 23774 | Lair:4   | Noticed Urug
 24057 | Lair:4   | Killed Urug
 24057 | Lair:4   | Reached skill level 10 in Armour
 24492 | Lair:4   | Reached skill level 10 in Crossbows
 25800 | Lair:5   | Reached skill level 11 in Long Blades
 26054 | Lair:5   | Noticed Josephine
 26344 | Lair:5   | Killed Josephine
 27448 | Lair:5   | Gained mutation: Your casting is slightly disrupted. [Ru sacrifice]
 27556 | Lair:5   | Reached XP level 14. HP: 111/111 MP: 14/14
 28213 | Lair:5   | Found a staircase to the Snake Pit.
 29185 | Lair:6   | Found a staircase to the Slime Pits.
 29185 | Lair:6   | Found a viscous altar of Jiyva.
 29223 | Lair:6   | Reached skill level 1 in Spellcasting
 29650 | Lair:6   | Gained mutation: You are slightly vulnerable to magic. [Ru sacrifice]
 30470 | Lair:7   | Got a vibrating tin ring
 30472 | Lair:7   | Identified the ring of Cuinodux {Ice Slay+2} (You found it on level 7 of the Lair of Beasts)
 30537 | Lair:7   | Found a frozen archway.
 30548 | IceCv    | Entered an ice cave
 31424 | IceCv    | Noticed a frost giant
 32408 | Lair:7   | Reached XP level 15. HP: 106/119 MP: 15/19
 33297 | Lair:7   | Reached skill level 10 in Shields
 33905 | Lair:8   | Entered Level 8 of the Lair of Beasts
 34668 | Lair:8   | Reached skill level 12 in Shields
 36358 | Lair:8   | Found a runed door.
 37134 | Lair:2   | Noticed a four-headed hydra
 37144 | Lair:2   | Killed a four-headed hydra
 37144 | Lair:2   | Reached XP level 16. HP: 127/127 MP: 20/20
 37264 | Lair:2   | Killed an eight-headed hydra
 37799 | D:10     | Learned a level 2 spell: Repel Missiles
 37865 | D:10     | Found Saggolodoa's Antique Weapon Boutique.
 38212 | D:10     | Found a corrupted altar of Lugonu.
 39015 | D:11     | Found a staircase to the Orcish Mines.
 39395 | Orc:1    | Entered Level 1 of the Orcish Mines
 41461 | Orc:4    | Entered Level 4 of the Orcish Mines
 42880 | Orc:4    | Found a staircase to the Elven Halls.
 44373 | Orc:4    | Killed from afar by an orc high priest

Vault maps used:
D:1:      dpeg_arrival_boxorama, minmay_misc_feat_chi, roderic_aztec_sauvastika
D:2:      nicolae_overflow_hidden_temple, lemuel_doored_altar, first_bread
D:3:      lemuel_upstairs_altar, makhleb_heckhound_becter,
          roderic_curled_sauvastika, okawaru_trees_2
D:4:      ashenzari_conservatory_becter, minivault_24, uniq_blork_the_orc,
          uniq_duvessa
D:5:      elyvilon_altar_1, serial_shops, shop_statue, minmay_bad_closet,
          uniq_edmund
D:6:      nicolae_overflow_crystal_walls, kennysheep_pointless_box, uniq_pikel
D:7:      kennysheep_mini_moat, minmay_temple_entry_fiery, basic_altar
D:8:      kennysheep_little_box
D:9:      vehumet_altar_wand_db, lemuel_mausoleum_altar_yredelemnul,
          lair_0_dummy, uniq_erolcha
D:10:     kennysheep_kobold_lugonu_temple, serial_shops, shop
D:11:     hiddenorc1_lemuel
Lair:1:   infiniplex_staircase_pool
Lair:2:   lab_entry_generic, serial_bayou_shore_a, uniq_fannar
Lair:3:   serial_bayou, serial_bayou_crossing, serial_bayou_ford_a,
          serial_bayou_shore_b, serial_bayou_shore_b, lemuel_fruit_tree,
          serial_bayou_shore_b, uniq_gastronok
Lair:4:   minmay_shoals_entry_centaurs, st_stairs_8, bh_autumn_forest_stairs,
          grunt_megastairs_5, uniq_urug
Lair:5:   minmay_snake_entry_six_corridors, uniq_josephine
Lair:6:   slime_altar_1
Lair:7:   portal_ice_cave_entry_pillars_03
Lair:8:   hangedman_lair_tendril_chambers, wormcave
Orc:3:    nicolae_orc_pool_cavern
Orc:4:    pubby_orc_utopia, serial_shops
IceCv:    ice_cave_small_giant

Action                   |  1- 3 |  4- 6 |  7- 9 | 10-12 | 13-15 | 16-18 || total
-------------------------+-------+-------+-------+-------+-------+-------++-------
Melee: Short sword       |    27 |       |     2 |       |       |       ||    29
       Whip              |    49 |    77 |       |       |       |       ||   126
       Great sword       |       |       |   183 |   594 |  1244 |   935 ||  2956
 Fire: Hand crossbow     |    15 |    33 |    96 |   181 |   157 |     9 ||   491
       Blowgun           |       |    10 |    57 |   273 |   176 |       ||   516
Invok: Sacrifice Skill   |       |       |       |     1 |       |       ||     1
       Sacrifice Words   |       |       |       |     1 |       |       ||     1
       Power Leap        |       |       |       |     6 |    12 |     4 ||    22
       Sacrifice Love    |       |       |       |     1 |       |       ||     1
       Sacrifice Arcana  |       |       |       |     1 |       |       ||     1
       Sacrifice Essence |       |       |       |       |     2 |       ||     2
       Apocalypse        |       |       |       |       |     3 |     2 ||     5
       Draw Out Power    |       |       |       |       |     1 |       ||     1
 Abil: Shaft Self        |       |       |       |     2 |       |       ||     2
       Dig               |       |       |       |       |     3 |     3 ||     6
  Use: Scroll            |     5 |     1 |       |    18 |     4 |     5 ||    33
       Potion            |       |       |       |     3 |       |     1 ||     4
 Stab: Sleeping          |     1 |       |     3 |     1 |     1 |     1 ||     7
       Distracted        |       |       |     1 |     3 |    11 |     4 ||    19
       Invisible         |       |       |       |       |    14 |     2 ||    16
       Petrifying        |       |       |       |       |     2 |       ||     2
       Petrified         |       |       |       |       |     2 |       ||     2
       Paralysed         |       |       |       |       |    17 |    13 ||    30
  Eat: Chunk             |     2 |     5 |     9 |    30 |    42 |    22 ||   110
       Pizza             |       |       |     1 |       |       |       ||     1
       Meat ration       |       |       |     1 |     2 |       |       ||     3
       Beef jerky        |       |       |       |     1 |       |       ||     1
       Fruit             |       |       |       |     4 |     9 |     2 ||    15
